 Dungeon Crawl Stone Soup version 0.30-a0-718-geaa24f58ff (webtiles) character file.

Game seed: 1473200361534221420

1059 Newt the Skirmisher (level 8, -1/49 HPs)
             Began as a Kobold Hunter on Jan 25, 2023.
             Was an Initiate of Kikubaaqudgha.
             Slain by an ice beast (4 damage)
             ... on level 6 of the Dungeon.
             The game lasted 00:06:26 (4440 turns).

Newt the Skirmisher (Kobold Hunter)                 Turns: 4440, Time: 00:06:26

Health: -1/49      AC:  4    Str:  8    XL:     8   Next: 51%
Magic:  0/17       EV: 14    Int: 16    God:    Kikubaaqudgha [......]
Gold:   217        SH:  0    Dex: 21    Spells: 16/19 levels left

rFire   . . .      SeeInvis +    a - +1 shortbow
rCold   . . .      Faith    .    (shield currently unavailable)
rNeg    . . .      Spirit   +    c - +1 leather armour
rPois   .          Reflect  .    (no helmet)
rElec   .          Harm     .    (no cloak)
rCorr   .          Rampage  .    (no gloves)
Will    .....                    (no boots)
Stlth   +++                      j - amulet of Yjadgh {Spirit Int+6 SInv}
HPRegen 0.28/turn                m - ring of wizardry
MPRegen 0.15/turn                g - ring of wizardry

@: no status effects
A: small, no large weapons, nightstalker 3
a: Renounce Religion


You were on level 6 of the Dungeon.
You worshipped Kikubaaqudgha.
Kikubaaqudgha was noncommittal.
You visited 1 branch of the dungeon, and saw 6 of its levels.

You collected 217 gold pieces.

Inventory:

Hand Weapons
 a - a +1 shortbow (weapon)
Armour
 c - a +1 leather armour (worn)
Jewellery
 f - a +4 ring of protection
 g - a ring of wizardry (right hand)
 j - the amulet of Yjadgh (around neck) {Spirit Int+6 SInv}
   (You acquired it on level 2 of the Dungeon)

   [amulet of guardian spirit]

   It causes incoming damage to be divided between your reserves of health and
   magic.
   Int:       It affects your intelligence (+6).
   SInv:      It lets you see invisible.
 m - a ring of wizardry (left hand)
 s - an amulet of reflection
Scrolls
 b - 4 scrolls of immolation
 d - a scroll of noise
 e - a scroll of identify
 i - 2 scrolls of vulnerability
 l - a scroll of blinking
 n - 3 scrolls of amnesia
 o - 3 scrolls of teleportation
Potions
 h - 5 potions of lignification
 k - 2 potions of haste
 p - 2 potions of curing
 q - a potion of invisibility
 r - a potion of cancellation
 t - a potion of brilliance {unknown}


   Skills:
 - Level 5.0 Fighting
 - Level 9.0 Ranged Weapons
 - Level 2.4 Dodging
 - Level 1.3 Stealth
 - Level 6.0 Spellcasting
 + Level 1.5 Hexes


You had 16 spell levels left.
You knew the following spells:

 Your Spells              Type           Power      Damage    Failure   Level
a - Portal Projectile     Hex/Tloc       14%        N/A       12%         3

Your spell library contained the following spells:

 Spells                   Type           Power      Damage    Failure   Level
 Magic Dart               Conj           16%        1d3       5%          1
 Sting                    Tmut/Pois      16%        1d3       5%          1
 Call Imp                 Summ           4%         N/A       9%          2
 Poisonous Vapours        Pois/Air       8%         N/A       9%          2
 Call Canine Familiar     Summ           4%         N/A       16%         3
 Mephitic Cloud           Conj/Pois/Air  4%         N/A       16%         3
 Leda's Liquefaction      Hex/Erth       3%         N/A       34%         4
 Airstrike                Air            2%         2d(1-17)  43%         4
 Olgreb's Toxic Radiance  Pois           4%         N/A       43%         4
 Summon Lightning Spire   Summ/Air       4%         N/A       43%         4
 Lightning Bolt           Conj/Air       2%         1d13      77%         5


Dungeon Overview and Level Annotations

Branches:
Dungeon (6/15)
 Temple: D:4-7

Altars:
Kikubaaqudgha
Makhleb
Yredelemnul

Shops:
D:2 (

Annotations:
D:3 1 runed translucent door


Innate Abilities, Weirdness & Mutations

You are small and have problems with some larger weapons.
You are completely attuned to the shadows.


Message History

You kill the hound!
Kikubaaqudgha accepts your kill.
Your life force feels restored.
You shoot an arrow. The arrow hits the ogre!
The ogre is moderately wounded.
The ogre completely misses you.
You shoot an arrow. The arrow hits the ogre!
The ogre is heavily wounded.
The ogre misses you.
You shoot an arrow. The arrow hits the ogre!
The ogre is almost dead.
You shoot an arrow. The arrow hits the ogre.
The ogre is almost dead.
The ogre closely misses you.
You shoot an arrow. The arrow completely misses the ogre.
The arrow barely misses the ice beast.
The ogre hits you with a +0 giant club!!
You shoot an arrow. The arrow hits the ogre!
You kill the ogre!
Kikubaaqudgha accepts your kill.
Training target 9.0 for Ranged Weapons reached!
Your Ranged Weapons skill increases to level 9!
You need to enable at least one skill for training.
Your Hexes skill increases to level 1!
You shoot an arrow. The arrow hits the ice beast!
The ice beast is moderately wounded.
The ice beast hits you but does no damage.
You shoot an arrow. The arrow hits the ice beast.
The ice beast is heavily wounded.
The ice beast hits you. The ice beast freezes you!
You are too injured to fight recklessly!
You are too injured to fight recklessly!
You shoot an arrow. The arrow closely misses the ice beast.
The ice beast hits you. The ice beast freezes you!
* * * LOW HITPOINT WARNING * * *
The ice beast hits you.
* * * LOW HITPOINT WARNING * * *
The ice beast freezes you.
You die...
Kikubaaqudgha rasps: "You have failed me!
Welcome... death!"

..#.....> ........$
..## ........
....######## #.$....
## #..........#
#...... ..
...>.......###......
#
#.#.......@Y.......
#
#...##....###......
# #...##....#
##.####
#######...######..
.# ............ .#
## ....###......
....# #...[.. ....#
##.... ##### #...


You could see an ice beast.

Vanquished Creatures
  Grinder (D:3)
  A sky beast (D:5)
  An ogre (D:6)
  A scorpion (D:5)
  3 necrophages
  2 jellies (D:5)
  3 hounds
  An orc priest (D:4)
  Terence (D:2)
  An iguana (D:4)
  An orc wizard (D:4)
  7 gnolls
  3 adders
  2 worms (D:2)
  3 dart slugs
  5 orcs
  2 bats (D:1)
  8 endoplasms
  5 giant cockroaches
  11 goblins
  10 hobgoblins
  3 quokkas
  5 ball pythons
  A frilled lizard (D:2)
  10 kobolds
  7 rats
  3 rat zombies (D:5)
101 creatures vanquished.

Vanquished Creatures (others)
  8 plants (D:1)
8 creatures vanquished.

Grand Total: 109 creatures vanquished

Notes
Turn   | Place    | Note
-------+----------+-------------------------------------------
     0 | D:1      | Newt the Kobold Hunter began the quest for the Orb.
     0 | D:1      | Reached XP level 1. HP: 12/12 MP: 1/1
   119 | D:1      | Reached XP level 2. HP: 13/18 MP: 2/2
   275 | D:1      | Found a faded altar of an unknown god.
   453 | D:1      | Reached XP level 3. HP: 23/23 MP: 3/3
  1095 | D:2      | Found Gaogydda's Weapon Shop.
  1158 | D:2      | Reached XP level 4. HP: 30/30 MP: 4/4
  1309 | D:2      | Noticed Terence
  1317 | D:2      | Identified a scroll of acquirement
  1317 | D:2      | Acquired the amulet of Yjadgh {Spirit Int+6 SInv}
  1642 | D:2      | Killed Terence
  1643 | D:2      | Reached skill level 5 in Fighting
  1817 | D:3      | Noticed Grinder
  1829 | D:3      | Killed Grinder
  1830 | D:3      | Reached XP level 5. HP: 18/35 MP: 2/11
  1830 | D:3      | Reached XP level 6. HP: 20/40 MP: 2/12
  2309 | D:3      | Found a runed translucent door.
  2718 | D:4      | Reached skill level 5 in Spellcasting
  2718 | D:4      | Reached XP level 7. HP: 41/44 MP: 11/14
  2722 | D:4      | Learned a level 3 spell: Portal Projectile
  3070 | D:4      | Found a basalt altar of Yredelemnul.
  3257 | D:4      | Found a burning altar of Makhleb.
  3318 | D:5      | Entered Level 5 of the Dungeon
  3621 | D:5      | Found an ancient bone altar of Kikubaaqudgha.
  3774 | D:5      | Reached skill level 6 in Ranged Weapons
  3910 | D:5      | Reached skill level 7 in Ranged Weapons
  3910 | D:5      | Reached XP level 8. HP: 46/49 MP: 17/17
  4285 | D:5      | Became a worshipper of Kikubaaqudgha
  4350 | D:5      | Reached skill level 8 in Ranged Weapons
  4438 | D:6      | Reached skill level 9 in Ranged Weapons
  4438 | D:6      | Reached skill level 1 in Hexes
  4440 | D:6      | Slain by an ice beast

Illustrated notes

Levels and vault maps discovered:
D:1:      roderic_crop_circles_arrival_large, layout_basic,
          ebering_ecumenical_altar_ruins
D:2:      layout_rooms, serial_shops, nicolae_shop_bloodbath_and_beyond,
          uniq_terence
D:3:      layout_basic, ebering_ghost_reflecting_pool, serial_bayou_crossing,
          uniq_grinder
D:4:      layout_cave_pools, general_overflow_altar,
          mainiacjoe_overflow_six_doors_small, serial_forest,
          infiniplex_forest_straight_4, infiniplex_forest_clump_curved,
          infiniplex_forest_lined_room_2, infiniplex_forest_straight_3,
          infiniplex_forest_straight_4
D:5:      layout_loops_ring, lemuel_zombie_altar_kikubaaqudgha, st_stairs_6,
          hangedman_abyss_or_decor_stagger
D:6:      layout_rooms, minmay_a_box_with_orc_wizards_in_it, uniq_pikel,
          uniq_menkaure

Skill      XL: |  1  2  3  4  5  6  7  8 |
---------------+-------------------------+-----
Fighting       | 3 4 5 |  5.0
Spellcasting   | 4 5 6 |  6.0
Ranged Weapons | 7 9 |  9.0
Hexes          | 1 |  1.5
Dodging        | |  2.4
Stealth        | |  1.3

Action                     |  1- 3 |  4- 6 |  7- 9 || total
---------------------------+-------+-------+-------++-------
   Fire: Shortbow          |    69 |   104 |   127 ||   300
   Cast: Portal Projectile |       |       |     1 ||     1
    Use: Scroll            |     2 |     8 |     1 ||    11
         Potion            |     1 |     1 |     1 ||     3
 Armour: Leather armour    |     1 |    21 |    16 ||    38
  Dodge: Dodged            |    24 |    46 |    63 ||   133

Table legend: (Time is in decaauts)
 A = Elapsed time spent in this place.
 B = Non-inter-level travel time spent in this place.
 C = Inter-level travel time spent in this place.
 D = Time resting spent in this place.
 E = Time spent auto-exploring this place.
 F = Levels seen in this place.
 G = Mean time per level.
                   A        B        C        D        E       F      G
               +--------+--------+--------+--------+--------+-----+--------+
         Total |   4507 |   4252 |    255 |    185 |   3397 |   6 |  751.2 |
       Dungeon |   4507 |   4252 |    255 |    185 |   3397 |   6 |  751.2 |
               +--------+--------+--------+--------+--------+-----+--------+

Top non-repeatable levels by time:
     D:5: 1048 daAuts
     D:1: 1044 daAuts
     D:3: 862 daAuts
     D:4: 738 daAuts
     D:2: 716 daAuts
     D:6: 96 daAuts
